 Dungeon Crawl Stone Soup version 0.20-a0-809-gaf7f668 (webtiles) character file.

301 Gorglomux the Insei (level 6, 0/38 HPs)
             Began as an Octopode Transmuter on Mar 2, 2017.
             Was an Initiate of Sif Muna.
             Slain by a bullfrog (3 damage)
             ... on level 4 of the Dungeon.
             The game lasted 00:08:11 (3950 turns).

Gorglomux the Insei (Octopode Transmuter)           Turns: 3950, Time: 00:08:12

Health: 0/38       AC:  1    Str:  9    XL:     6   Next: 37%
Magic:  9/11       EV: 13    Int: 17    God:    Sif Muna [......]
Gold:   184        SH:  0    Dex: 13    Spells: 5/11 levels left

rFire    . . .     SeeInvis .     - Unarmed
rCold    . . .     Gourm    .   (no shield)
rNeg     . . .     Faith    .   (helmet restricted)
rPois    .         Spirit   .   (no amulet)
rElec    .         Reflect  .   (no ring)
rCorr    .         Harm     .   (no ring)
MR       .....                  (no ring)
Stlth    +++.......             (no ring)
Regen    0.2/turn               (no ring)
MPRegen  0.2/turn               (no ring)
                                (no ring)
                                (no ring)

@: appendage
A: almost no armour, stealthy swim, amphibious, 8 rings, constrict 8, tentacle
spike 3, camouflage 1, gelatinous body 1
a: End Transformation, Renounce Religion


You were on level 4 of the Dungeon.
You worshipped Sif Muna.
Sif Muna was noncommittal.
You were very hungry.
One of your tentacles had a temporary spike.
You visited 1 branch of the dungeon, and saw 5 of its levels.

You collected 184 gold pieces.

Inventory:

Missiles
 a - 37 arrows
Jewellery
 u - an uncursed ring of stealth {unknown}
Scrolls
 d - 2 scrolls of fear {unknown}
 i - a scroll of noise {unknown}
 m - a scroll of enchant armour {unknown}
 r - 3 scrolls of teleportation {unknown}
 t - a scroll of fog {unknown}
 v - a scroll of remove curse {unknown}
 y - a scroll of identify {unknown}
 B - a scroll of amnesia {unknown}
 C - a scroll of recharging {unknown}
 D - a scroll of blinking {unknown}
Potions
 h - a potion of brilliance {unknown}
 j - 4 potions of lignification {unknown}
 l - a potion of cancellation {unknown}
 n - a potion of invisibility {unknown}
 o - a potion of heal wounds {unknown}
 q - 3 potions of curing {unknown}
 s - a potion of might {unknown}
 x - 2 potions of magic {unknown}
 z - a potion of degeneration {unknown}
Books
 b - a book of Changes

   Spells                             Type                      Level
   a - Beastly Appendage              Transmutation                1
   b - Sticks to Snakes               Transmutation                2
   c - Spider Form                    Transmutation/Poison         3
   d - Ice Form                       Ice/Transmutation            4
   e - Blade Hands                    Transmutation                5
Comestibles
 c - 2 bread rations
 f - a meat ration
 k - 4 fruits
 p - 2 royal jellies


   Skills:
 - Level 1.0 Fighting
 - Level 2.0 Dodging
 - Level 2.0 Stealth
 - Level 4.1 Unarmed Combat
 + Level 3.3 Spellcasting
 + Level 3.7 Transmutations
 - Level 3.0 Poison Magic


You had 5 spell levels left.
You knew the following spells:

 Your Spells              Type           Power        Failure   Level  Hunger
a - Beastly Appendage     Tmut           ###...       3%          1    None
b - Sticks to Snakes      Tmut           ###.....     6%          2    ##.....
c - Spider Form           Tmut/Pois      ##........   14%         3    ###....


Dungeon Overview and Level Annotations

Branches:
Dungeon (5/15)
 Temple: D:4-7

Altars:
Dithmenos
Ru
Sif Muna


Innate Abilities, Weirdness & Mutations

You cannot wear most types of armour.
You are very stealthy in the water. (Stealth+)
You are amphibious.
You can wear up to eight rings at the same time.
You can use your tentacles to constrict eight enemies at once.
Your skin changes colour to match your surroundings (Stealth+).
Your rubbery body absorbs attacks. (AC +1, EV +1)
One of your tentacles bears a large vicious spike.


Message History

The hound bites you.
* * * LOW HITPOINT WARNING * * *
You tentacle-slap the adder. Your grab misses the adder.
The adder is heavily wounded.
The adder barely misses you. The bullfrog hits you.
* * * LOW HITPOINT WARNING * * *
The hound closely misses you. The adder closely misses you.
The bullfrog barely misses you.
You tentacle-slap the adder but do no damage.
Your grab misses the adder.
You pierce the adder, but do no damage.
You squeeze the adder.
You kill the adder!
Sif Muna accepts your kill. The hound bites you.
* * * LOW HITPOINT WARNING * * *
The bullfrog completely misses you. The hound misses you.
You closely miss the hound. Your grab misses the hound.
The hound is severely wounded.
The bullfrog hits you.
You die...

#..........# #.......#....#
#..........# #.......#....#
#..........####.......#..###
#####..........##+#####..#..
#..........+.........+..
#..........#.........#..
#####..........#'####.##.#..
#......#+##+##.....##.##.##.
#......+..†@h#.....+......+.
#......#...F.#.....#......#.
#......#.....'.....#####..#.
#......#.....#.........#'##.
#......#.....#..............
###'####..)..######.........
#................#...).....
#................#.........
############'######....####.


You could see a bullfrog and a hound.

Vanquished Creatures
  A howler monkey (D:4)
  A jelly (D:4)
  A bullfrog skeleton (D:3)
  2 iguanas (D:4)
  6 adders
  3 oozes
  2 adder skeletons (D:4)
  2 worms
  A dart slug (D:2)
  2 leopard geckos
  2 orcs (D:3)
  A ball python (D:1)
  5 bats
  5 giant cockroaches
  4 goblins
  13 hobgoblins
  2 jackals (D:4)
  10 kobolds
  A quokka (D:2)
  6 frilled lizards
  10 rats
80 creatures vanquished.

Notes
Turn   | Place    | Note
-------+----------+-------------------------------------------
     0 | D:1      | Gorglomux the Octopode Transmuter began the quest for the Orb.
     0 | D:1      | Reached XP level 1. HP: 13/13 MP: 3/3
   187 | D:1      | Reached XP level 2. HP: 14/18 MP: 1/5
   487 | D:1      | Reached XP level 3. HP: 22/23 MP: 6/6
   636 | D:1      | Learned a level 2 spell: Sticks to Snakes
   640 | D:1      | Learned a level 3 spell: Spider Form
  1132 | D:2      | Reached skill level 1 in Poison Magic
  1176 | D:2      | Reached XP level 4. HP: 18/28 MP: 5/7
  1369 | D:2      | Found a deep blue altar of Sif Muna.
  1375 | D:2      | Found a shadowy altar of Dithmenos.
  1379 | D:2      | Became a worshipper of Sif Muna the Loreminder
  1879 | D:3      | Found a sacrificial altar of Ru.
  2101 | D:3      | Reached skill level 4 in Unarmed Combat
  2101 | D:3      | Reached skill level 3 in Transmutations
  2107 | D:3      | Reached XP level 5. HP: 27/33 MP: 8/8
  2882 | D:4      | Reached skill level 1 in Stealth
  2882 | D:4      | Reached skill level 3 in Spellcasting
  3027 | D:4      | Reached XP level 6. HP: 31/38 MP: 8/10
  3232 | D:4      | Reached skill level 3 in Poison Magic
  3938 | D:5      | Entered Level 5 of the Dungeon
  3950 | D:4      | Slain by a bullfrog

Vault maps used:
D:1:      dpeg_arrival_stone_temple_mockup
D:2:      chequers_temple_overflow_statue_of_worship
D:3:      old_standard_altar, first_bread
D:5:      kennysheep_slugbush, serial_shops, shop,
          fedhas_bush_and_centaur_altar, uniq_grinder, uniq_edmund, uniq_sigmund

Skill      XL: |  1  2  3  4  5  6 |
---------------+-------------------+-----
Poison Magic   | 1 2 3 |  3.0
Unarmed Combat | 4 |  4.1
Transmutations | 3 |  3.7
Stealth        | 1 2 |  2.0
Spellcasting   | 3 |  3.3
Fighting       | |  1.0
Dodging        | |  2.0

Action                   |  1- 3 |  4- 6 || total
-------------------------+-------+-------++-------
Melee: Unarmed           |    68 |   123 ||   191
       Constrict         |    20 |    28 ||    48
       Tentacles         |    13 |    28 ||    41
       Kick              |    13 |    36 ||    49
       Punch             |       |     4 ||     4
 Cast: Beastly Appendage |    23 |    28 ||    51
       Spider Form       |       |     1 ||     1
 Stab: Sleeping          |     8 |     8 ||    16
  Eat: Chunk             |     1 |     8 ||     9
Armor: Skin              |     5 |     7 ||    12
Dodge: Dodged            |    28 |    92 ||   120
